 Dungeon Crawl Stone Soup version 0.23-a0-622-g59b4ea9c50 (webtiles) character file.

9 Adamkad1 the Sneak (level 2, 0/13 HPs)
             Began as a Spriggan Enchanter on Dec 24, 2018.
             Slain by a jackal (3 damage)
             ... on level 1 of the Dungeon.
             The game lasted 00:00:40 (168 turns).

Adamkad1 the Sneak (Spriggan Enchanter)              Turns: 168, Time: 00:00:40

Health: 0/13       AC:  2    Str:  4    XL:     2   Next: 3%
Magic:  4/6        EV: 18    Int: 16    God:
Gold:   26         SH:  0    Dex: 16    Spells: 5/6 levels left

rFire    . . .     SeeInvis +   a - +1 dagger
rCold    . . .     Gourm    .   (shield restricted)
rNeg     . . .     Faith    .   b - +0 robe
rPois    .         Spirit   .   (helmet restricted)
rElec    .         Reflect  .   (no cloak)
rCorr    .         Harm     .   (gloves unavailable)
MR       .....                  (boots unavailable)
Stlth    +++.......             (no amulet)
HPRegen  0.04/turn              (no ring)
MPRegen  0.10/turn              (no ring)

@: very quick
A: very small, unfitting armour, see invisible, herbivore, speed 3, slow
metabolism 2
a: no special abilities


You were on level 1 of the Dungeon.
You were not hungry.

You visited 1 branch of the dungeon, and saw 1 of its levels.

You collected 26 gold pieces.

Inventory:

Hand Weapons
 a - a +1 dagger (weapon)
Armour
 b - a +0 robe (worn)
Scrolls
 e - a scroll of identify {unknown}
 f - a scroll of amnesia {unknown}
Potions
 c - a potion of curing {unknown}
Comestibles
 d - a ration


   Skills:
 + Level 1.1 Short Blades
 + Level 3.0 Dodging
 + Level 4.9 Stealth
 + Level 2.8 Spellcasting
 + Level 4.0 Hexes


You had 5 spell levels left.
You knew the following spells:

 Your Spells              Type           Power        Failure   Level  Hunger
a - Corona                Hex            ###....      3%          1    #......

Your spell library contained the following spells:

 Spells                   Type           Power        Failure   Level  Hunger
 Confuse                  Hex            ###.....     11%         3    ###....
 Tukima's Dance           Hex            ###.....     11%         3    ###....
 Ensorcelled Hibernation  Hex/Ice        #.....       13%         2    ##.....
 Dazzling Spray           Conj/Hex       #.....       26%         3    ###....


Dungeon Overview and Level Annotations

Branches:
Dungeon (1/15)

Altars:


Innate Abilities, Weirdness & Mutations

You are very small and have problems with some larger weapons.
You are too small for most types of armour.
You have supernaturally acute eyesight. (SInv)
You are a herbivore.
You cover ground extremely quickly.
You need to consume almost no food.


Message History

Aiming: Corona (safe; 3% risk of failure)
Press: ? - help, Shift-Dir - straight line, f - jackal
Aim: a jackal (moderately wounded, chance to defeat MR: 68%)
The jackal is outlined in light.
The jackal barely misses you.
You hit the jackal.
The jackal is severely wounded.
The jackal completely misses you.
You hit the jackal.
The jackal is almost dead.
The jackal completely misses you. The jackal closely misses you.
The jackal misses you.
You hit the jackal.
You kill the jackal!
Your Hexes skill increases to level 4!
You have reached level 2!
The jackal closely misses you.
You closely miss the jackal. The jackal barely misses you.
You hit the jackal but do no damage. The jackal misses you.
The jackal bites you.
You die...

..J####.# # #g#
#.###############
#.#............)#
#.#.............#
#h#......<......#
#.#h#.............#
#.#.#.............#
#.#h######.#@######
#.#..h...#.h.#
#.....##.#.#.#
#.....+..#...#
#.....#.h#.#.#
#.....#..#...#
#.)...#.h#.#.#
#####....#...#
#.#..#.>.#


You could see a jackal.

Vanquished Creatures
  A leopard gecko (D:1)
  2 bats (D:1)
  A hobgoblin (D:1)
  2 jackals (D:1)
  A kobold (D:1)
7 creatures vanquished.

Notes
Turn   | Place    | Note
-------+----------+-------------------------------------------
     0 | D:1      | Adamkad1 the Spriggan Enchanter began the quest for the
                  | Orb.
     0 | D:1      | Reached XP level 1. HP: 9/9 MP: 5/5
   166 | D:1      | Reached XP level 2. HP: 3/13 MP: 4/6
   168 | D:1      | Slain by a jackal

Vault maps used:
D:1:      lemuel_arrival_hallway

Skill      XL: |  1 |
---------------+----+-----
Hexes          | 4 |  4.0
Short Blades   | |  1.1
Dodging        | |  3.0
Stealth        | |  4.9
Spellcasting   | |  2.8

Action                   || total
-------------------------++-------
Melee: Dagger            ||    45
 Cast: Corona            ||     3
 Stab: Sleeping          ||     2
Armor: Robe              ||     7
Dodge: Dodged            ||    45

Table legend:
 A = Non-vault XP
 B = Vault XP
 C = Vault XP percentage of total XP
 D = Non-vault monster count
 E = Vault monster count
 F = Vault count percentage of total count
                 A         B        C        D         E       F
            +---------+---------+-------+---------+---------+-------
      Total |      13 |       0 |   0.0 |       7 |       0 |   0.0
            +---------+---------+-------+---------+---------+-------
        D:1 |      13 |       0 |   0.0 |       7 |       0 |   0.0
            +---------+---------+-------+---------+---------+-------
